 Dungeon Crawl Stone Soup version 0.30.0-20-g3b4254fcbd (webtiles) character file.

Game seed: 16829740295204850280

5047 MacCMillion the Carver (level 10, -7/79 HPs)
             Began as a Merfolk Gladiator on June 2, 2023.
             Was an Elder of Okawaru.
             Mangled by a wyvern (15 damage)
             ... on level 9 of the Dungeon.
             The game lasted 00:19:03 (11731 turns).

MacCMillion the Carver (Merfolk Gladiator)         Turns: 11731, Time: 00:19:04

Health: -7/79      AC:  6    Str: 15    XL:     10   Next: 55%
Magic:  15/15      EV: 19    Int:  7    God:    Okawaru [****..]
Gold:   394        SH:  0    Dex: 26    Spells: 9/9 levels left

rFire   . . .        a - +0 long sword (flame)
rCold   . . .        (no shield)
rNeg    . . .        n - +0 ring mail
rPois   .            c - +0 helmet
rElec   .            (no cloak)
rCorr   .            (no gloves)
SInv    .            (no boots)
Will    .....        (no amulet)
Stlth   +            u - +6 ring of dexterity
HPRegen 0.33/turn    (no ring)
MPRegen 0.14/turn

%: no passive effects
@: no status effects
A: (nimble swimmer 2), mertail
a: Renounce Religion, Heroism, Finesse


You were on level 9 of the Dungeon.
You worshipped Okawaru.
Okawaru was greatly pleased with you.
You visited 2 branches of the dungeon, and saw 10 of its levels.

You collected 599 gold pieces.
You spent 205 gold pieces at shops.

Inventory:

Hand Weapons
 a - a +0 long sword of flaming (weapon)
Missiles
 d - 3 throwing nets
 e - a javelin
 A - 12 poisoned darts
 B - 4 curare-tipped darts
 H - 10 boomerangs (quivered)
Armour
 b - a +0 leather armour
 c - a +0 helmet (worn)
 n - a +0 ring mail (worn)
 v - an orb of light
Jewellery
 s - a ring of fire
 u - a +6 ring of dexterity (left hand)
 D - an amulet of magic regeneration
Wands
 r - a wand of paralysis (10)
 w - a wand of flame (30)
Scrolls
 g - 3 scrolls of fog
 o - a scroll of brand weapon
 p - 3 scrolls of blinking
 t - 2 scrolls of amnesia
 y - 5 scrolls of identify
 E - 2 scrolls of silence {unknown}
 F - a scroll of vulnerability {unknown}
 G - 3 scrolls of fear {unknown}
 I - a scroll of poison {unknown}
 J - a scroll of noise {unknown}
 K - 2 scrolls of summoning {unknown}
 L - a scroll of torment {unknown}
 M - a scroll of immolation {unknown}
Potions
 f - 4 potions of mutation
 h - a potion of brilliance {unknown}
 i - 3 potions of ambrosia
 j - 3 potions of degeneration {unknown}
 k - 2 potions of lignification
 l - 3 potions of heal wounds {unknown}
 m - 7 potions of curing
 q - a potion of resistance {unknown}
 x - a potion of might {unknown}
 z - a potion of attraction {unknown}
 C - 2 potions of flight {unknown}


   Skills:
 + Level 7.1 Fighting
 * Level 12.3 Long Blades
 - Level 2.0 Throwing
 + Level 10.6 Dodging
 + Level 6.8 Invocations


You had 9 spell levels left.
You didn't know any spells.
Your spell library contained the following spells:

 Spells                   Type           Power      Damage    Failure   Level
 Necrotise                Necr           0%         1d4       67%         1
 Sting                    Tmut/Pois      0%         1d3       67%         1
 Poisonous Vapours        Pois/Air       0%         N/A       80%         2
 Portal Projectile        Hex/Tloc       0%         N/A       95%         3
 Vampiric Draining        Necr           0%         2d6       95%         3
 Olgreb's Toxic Radiance  Pois           0%         N/A       100%        4
 Agony                    Necr           0%         N/A       100%        5
 Blade Hands              Tmut           0%         N/A       100%        5
 Storm Form               Tmut/Air       0%         N/A       100%        7
 Maxwell's Capacitive Co  Air            0%         ∞         100%        8
 Tukima's Dance           Hex            Unusable   N/A       N/A         3
 Summon Lightning Spire   Summ/Air       Unusable   N/A       N/A         4

Dungeon Overview and Level Annotations

Branches:
Dungeon (9/15)             Temple (1/1) D:4
   Lair: D:8-11         Orc: D:9-12

Altars:
Ashenzari
Cheibriados
Dithmenos
Fedhas
Gozag
Hepliaklqana
Kikubaaqudgha
Makhleb
Nemelex Xobeh
Okawaru
Qazlal
Ru
Sif Muna
Trog
Uskayaw
Vehumet
Wu Jian
Xom
Yredelemnul
Zin
The Shining One

Shops:
D:1 *   D:6 *   D:7 *

Annotations:
D:5 1 runed translucent door, Crazy Yiuf
D:8 exclusion: door


Innate Abilities, Weirdness & Mutations

((You are very nimble when in or above water. (Stealth+, EV+, Speed+++)))
Your lower body shifts to a powerful aquatic tail in water.


Message History

The warg is moderately wounded.
The warg bites you.
The howler monkey hoots and howls with incredible vigour!
You hear a howl! x2; You hear a shout!
You hear a bellow!
You barely miss the warg.
The warg is moderately wounded.
The warg completely misses you. The howler monkey hits you.
You hit the warg. You burn the warg.
The warg is moderately wounded.
The warg bites you! The howler monkey closely misses you.
The wyvern closely misses you. The warg closely misses you.
You closely miss the warg.
The warg is moderately wounded.
The wyvern closely misses you. The howler monkey misses you.
The warg closely misses you. The wyvern attacks as you move away!
The wyvern bites you!
The howler monkey attacks as you move away!
The howler monkey misses you. The wyvern bites you.
You slash the wyvern! You burn the wyvern.
The wyvern is heavily wounded.
The howler monkey completely misses you.
The wyvern bites you!
You are too injured to fight recklessly!
You are too injured to fight recklessly!
You are too injured to fight recklessly!
You closely miss the wyvern. Your punch misses the wyvern.
The wyvern is heavily wounded.
The howler monkey completely misses you.
The wyvern bites you!
* * * LOW HITPOINT WARNING * * *
Something hits you.
* * * LOW HITPOINT WARNING * * *
You barely miss the wyvern.
The wyvern is moderately wounded.
The howler monkey hits you.
* * * LOW HITPOINT WARNING * * *
The wyvern completely misses you.
Unknown command.
The wyvern bites you!
You die...

##......................
##.......#...............
##.......###..............
##.......## #.............
##.......## ##............
##.........## ##.............
#...........###......###.....
#............#......## ##....
#...........@lh.....# #....
#.............h.....# #....
#....................# .....
#............................
#............................
#........................
#........................
#.......................
#......#...........


You could see a warg, a wyvern and a howler monkey.

Vanquished Creatures
  A two-headed ogre (D:9)
  2 shadows (D:9)
  2 yaks (D:8)
  A vampire mosquito (D:8)
  A water moccasin (D:8)
  Duvessa (D:7)
  2 sky beasts
  A black bear (D:8)
  3 ice beasts
  An ogre (D:6)
  A phantom (D:4)
  8 centaurs
  2 bullfrogs (D:8)
  6 scorpions
  3 gnoll sergeants
  3 wights (D:6)
  Dowan (D:7)
  2 killer bees
  3 howler monkeys (D:7)
  2 vampire bats (D:5)
  A jelly (D:8)
  6 orc priests
  A gnoll bouda (D:7)
  3 sleepcaps
  Terence (D:3)
  6 iguanas
  8 orc wizards
  5 adders
  12 gnolls
  5 shadow imps
  2 white imps (D:5)
  A worm (D:3)
  A dart slug (D:2)
  29 orcs
  3 endoplasms
  A giant cockroach (D:1)
  9 goblins
  8 hobgoblins
  2 quokkas
  6 ball pythons
  8 bats
  13 frilled lizards
  4 kobolds
  5 rats
186 creatures vanquished.

Notes
Turn   | Place    | Note
-------+----------+-------------------------------------------
     0 | D:1      | MacCMillion the Merfolk Gladiator began the quest for the
                  | Orb.
     0 | D:1      | Reached XP level 1. HP: 16/16 MP: 1/1
   263 | D:1      | Found Siuhicla's General Store.
   271 | D:1      | Reached XP level 2. HP: 23/23 MP: 2/2
   286 | D:1      | Bought a scroll of identify for 22 gold pieces
   377 | D:1      | Reached skill level 4 in Long Blades
   954 | D:2      | Reached XP level 3. HP: 28/28 MP: 3/3
  1366 | D:3      | Noticed Terence
  1371 | D:3      | Killed Terence
  1372 | D:3      | Reached skill level 5 in Dodging
  1372 | D:3      | Reached XP level 4. HP: 25/35 MP: 4/4
  1557 | D:2      | HP: 1/35 [orc/+0 flail (4)]
  2057 | D:3      | Reached XP level 5. HP: 42/42 MP: 5/5
  2128 | D:3      | Reached skill level 5 in Long Blades
  2793 | D:4      | Reached XP level 6. HP: 24/48 MP: 6/6
  3040 | D:4      | Found a glowing golden altar of the Shining One.
  3040 | D:4      | Found a hazy altar of Hepliaklqana.
  3042 | D:4      | Found a shimmering altar of Xom.
  3045 | D:4      | Found a snail-covered altar of Cheibriados.
  3326 | D:4      | Reached skill level 6 in Long Blades
  3337 | D:4      | Found a staircase to the Ecumenical Temple.
  3347 | Temple   | Entered the Ecumenical Temple
  3616 | Temple   | Became a worshipper of Warmaster Okawaru
  3795 | D:4      | Found a bloodstained altar of Trog.
  3996 | D:5      | Entered Level 5 of the Dungeon
  4255 | D:5      | Reached skill level 1 in Invocations
  4255 | D:5      | Reached XP level 7. HP: 54/54 MP: 7/7
  4333 | D:5      | You fall into a shaft and drop 1 floor!
  4507 | D:6      | Reached skill level 7 in Long Blades
  4520 | D:6      | Reached * piety under Okawaru
  4721 | D:6      | Reached XP level 8. HP: 53/60 MP: 8/10
  4849 | D:6      | Reached skill level 8 in Long Blades
  4954 | D:6      | Found Souhomal's General Store.
  6361 | D:5      | Reached ** piety under Okawaru
  6370 | D:5      | Reached skill level 9 in Long Blades
  6767 | D:5      | Reached XP level 9. HP: 63/67 MP: 12/12
  6911 | D:5      | Found a runed translucent door.
  6912 | D:5      | Noticed Crazy Yiuf
  7036 | D:6      | Bought a scroll of blinking for 97 gold pieces
  7036 | D:6      | Bought a scroll of identify for 26 gold pieces
  7045 | D:6      | Reached skill level 5 in Fighting
  7737 | D:6      | Reached skill level 10 in Long Blades
  7948 | D:6      | Reached *** piety under Okawaru
  7949 | D:6      | Reached skill level 5 in Invocations
  8787 | D:7      | Identified the scarf of Qefeo {harm, Int+5 Dex+3}
  8801 | D:7      | Found Nuczaf's Assorted Antiques.
  8805 | D:7      | Bought a scroll labelled TURUEM JATAKK for 32 gold pieces
  8805 | D:7      | Bought a coppery potion for 28 gold pieces
  8863 | D:7      | Found a basalt altar of Yredelemnul.
  8863 | D:7      | Noticed Duvessa
  8863 | D:7      | Noticed Dowan
  8915 | D:7      | Killed Duvessa
  8921 | D:7      | Killed Dowan
  9463 | D:8      | Reached skill level 11 in Long Blades
  9626 | D:8      | Found a stormy altar of Qazlal.
 10125 | D:8      | Reached **** piety under Okawaru
 10126 | D:8      | Reached XP level 10. HP: 53/76 MP: 14/14
 10217 | D:8      | Reached skill level 10 in Dodging
 10755 | D:9      | Noticed a two-headed ogre
 11150 | D:8      | Reached skill level 12 in Long Blades
 11609 | D:9      | Killed a two-headed ogre
 11731 | D:9      | Mangled by a wyvern

Illustrated notes

Levels and vault maps discovered:
D:1:      dpeg_arrival_arbitrary_b, layout_basic, serial_shops,
          nicolae_shop_tiny_glass, dk_noncrumbling_2
D:2:      layout_rooms, minmay_lizard_pond
D:3:      layout_rooms, uniq_terence
D:4:      layout_loops_ring, amcnicky_altar_gilded, minitemple,
          minmay_temple_entry_hall
D:5:      layout_basic, nicolae_concentric_dashed_squares_wild, roderic_batcave,
          minmay_door_square, minmay_joined_circles, uniq_crazy_yiuf_cottage
D:6:      layout_gridville, serial_bayou, serial_bayou_pond_e,
          serial_bayou_pond_d, serial_bayou_shore_b, serial_bayou_pond_a,
          serial_shops, nicolae_shop_tiny_statue_garden
D:7:      layout_loops_ring, kennysheep_little_box, serial_shops,
          nicolae_shop_behind_doors, uniq_duvessa
D:8:      minmay_slanted_spiral_squares, layout_loops_cross, lemuel_doored_altar
D:9:      layout_big_octagon, erik_lair_orcish_takeover
Temple:   minmay_temple_curvy_branch

Skill      XL: |  1  2  3  4  5  6  7  8  9 10 |
---------------+-------------------------------+-----
Long Blades    | 4 5 6 7 9 11 12 | 12.3
Fighting       | 3 4 6 7 |  7.1
Dodging        | 5 6 7 8 9 10 | 10.6
Invocations    | 1 2 4 5 6 |  6.8
Throwing       | |  2.0

Action                     |  1- 3 |  4- 6 |  7- 9 | 10-12 || total
---------------------------+-------+-------+-------+-------++-------
  Melee: Long sword        |   108 |   125 |   309 |    79 ||   621
         Punch             |     2 |       |     9 |     1 ||    12
  Throw: Dart              |       |     8 |    30 |     9 ||    47
         Boomerang         |       |       |    24 |     1 ||    25
    Use: Scroll            |       |       |     7 |       ||     7
         Potion            |       |       |     2 |       ||     2
   Stab: Sleeping          |       |       |     1 |     1 ||     2
         Distracted        |       |       |     1 |       ||     1
 Armour: Leather armour    |     3 |       |       |       ||     3
         Ring mail         |    23 |    39 |    71 |     7 ||   140
         Skin              |       |       |    25 |       ||    25
  Dodge: Dodged            |    62 |    73 |   275 |    65 ||   475
